 Dungeon Crawl Stone Soup version 0.23-a0-458-g93a6ea9 (webtiles) character file.

68 Amnesiac the Digger (level 4, 27/30 HPs)
             Began as a Demonspawn Earth Elementalist on Nov 25, 2018.
             Quit the game on level 3 of the Dungeon.
             The game lasted 00:02:19 (1025 turns).

Amnesiac the Digger (Demonspawn Earth Elementalist) Turns: 1025, Time: 00:02:20

Health: 27/30      AC:  4    Str:  9    XL:     4   Next: 1%
Magic:  1/8        EV: 12    Int: 17    God:
Gold:   41         SH:  0    Dex: 13    Spells: 5/8 levels left

rFire    + . .     SeeInvis .   a - +0 dagger
rCold    . . .     Gourm    .   (no shield)
rNeg     . . .     Faith    .   c - +0 robe
rPois    .         Spirit   .   (helmet restricted)
rElec    .         Reflect  .   (no cloak)
rCorr    .         Harm     .   (no gloves)
MR       .....                  (no boots)
Stlth    ++........             (no amulet)
HPRegen  0.10/turn              i - ring of protection from fire
MPRegen  0.11/turn              (no ring)

@: no status effects
A: horns 1, icy blue scales 1, powered by pain 1
a: no special abilities


You were on level 3 of the Dungeon.
You were not hungry.

You visited 1 branch of the dungeon, and saw 3 of its levels.

You collected 41 gold pieces.

Inventory:

Hand Weapons
 a - a +0 dagger (weapon)
Missiles
 b - 59 stones
 h - 5 javelins (quivered)
Armour
 c - a +0 robe (worn)
Jewellery
 i - a ring of protection from fire (left hand)
Scrolls
 g - a scroll of magic mapping {!r, unknown}
 j - a scroll of random uselessness {!r, unknown}
 l - a scroll of identify {!r, unknown}
 n - 3 scrolls of amnesia {!r, unknown}
Potions
 e - a potion of agility {!q, unknown}
 f - a potion of mutation {!q, unknown}
 k - a potion of curing {!q, unknown}
Comestibles
 d - 3 rations
 m - 6 chunks of flesh


   Skills:
 - Level 1.7 Dodging
 - Level 1.7 Stealth
 + Level 2.8 Spellcasting
 - Level 0.8 Transmutations
 * Level 4.0 Earth Magic


You had 5 spell levels left.
You knew the following spells:

 Your Spells              Type           Power        Failure   Level  Hunger
a - Sandblast             Erth           ###...       3%          1    #......
b - Passwall              Tmut/Erth      ##......     10%         2    ##.....

Your spell library contained the following spells:

 Spells                   Type           Power        Failure   Level  Hunger
 Stone Arrow              Conj/Erth      #.....       24%         3    ###....
 Petrify                  Tmut/Erth      ##......     54%         4    #####..
 Lee's Rapid Deconstruct  Erth           ###.......   67%         5    ######.


Dungeon Overview and Level Annotations

Branches:
Dungeon (3/15)

Altars:


Innate Abilities, Weirdness & Mutations

You have a pair of small horns on your head.
You are partially covered in icy blue scales. (AC +2)
You sometimes gain a little power by taking damage.


Message History

m - 6 chunks of flesh (gained 3)
Things that are here:
a +0 club; a goblin skeleton An ooze comes into view.
Things that are here:
a +0 club; a goblin skeleton An ooze is nearby!
An ooze is nearby!
An ooze is nearby!
Things that are here:
a +0 club; a hobgoblin corpse
Casting: Sandblast (safe; 3% risk of failure)
Confirm with . or Enter, or press ? or * to list all spells.
Aiming: Sandblast (safe; 3% risk of failure)
Press: ? - help, Shift-Dir - straight line, f - ooze
Aim: an ooze The blast of sand hits the ooze.
The ooze is heavily wounded.
b - 59 stones
Casting: Sandblast (safe; 3% risk of failure)
Confirm with . or Enter, or press ? or * to list all spells.
You don't have enough magic to cast that spell.
Casting: Sandblast (safe; 3% risk of failure)
Confirm with . or Enter, or press ? or * to list all spells.
You don't have enough magic to cast that spell.
Casting: Sandblast (safe; 3% risk of failure)
Confirm with . or Enter, or press ? or * to list all spells.
You don't have enough magic to cast that spell.
Casting: Sandblast (safe; 3% risk of failure)
Confirm with . or Enter, or press ? or * to list all spells.
You don't have enough magic to cast that spell.
Casting: Sandblast (safe; 3% risk of failure)
Confirm with . or Enter, or press ? or * to list all spells.
You don't have enough magic to cast that spell.
Casting: Sandblast (safe; 3% risk of failure)
Confirm with . or Enter, or press ? or * to list all spells.
You don't have enough magic to cast that spell.
Unknown command.
You hit the ooze.
The ooze is heavily wounded.
The ooze closely misses you.
You hit the ooze.
The ooze is severely wounded.
The ooze barely misses you.
You hit the ooze but do no damage.
The ooze is severely wounded.
The ooze barely misses you.
You hit the ooze but do no damage.
The ooze is severely wounded.
The ooze closely misses you.
You hit the ooze.
The ooze is almost dead.
The ooze hits you.
You hit the ooze but do no damage.
The ooze is almost dead.
The ooze completely misses you.
You hit the ooze.
You kill the ooze!
Your Earth Magic skill increases to level 4!
You have reached level 4!
You feel stronger.
Your demonic ancestry asserts itself...
A pair of horns grows on your head!
Unknown command.
Are you sure you want to abandon this character and quit the game? (Confirm

# #.##### .# ###.##.....# ..#
#........#.# ..#####
#############.#.#
#.#...###..+..)...# #.#.#####
#.#.8.+#...#......# #.#......
#.#...#.÷.##(.$...# #.#..####
#.#...#..##()..# #...)#...
#.'.8.)###.#$@.# #.##.....
#.#...#.#..#...# #.#.....#
#.#.÷.#.(##+###). #.#..####
#.#.8.'##..# .... #.##.#..)
#.#...###.## ......#.†).....
#.####################.###....
#..)...............#....##....
##############.....#.##.######
#.##....# ... .


There were no monsters in sight!

Vanquished Creatures
  2 adders (D:3)
  An ooze (D:3)
  2 dart slugs (D:3)
  4 orcs (D:3)
  4 bats (D:1)
  3 giant cockroaches (D:1)
  5 goblins
  4 hobgoblins
  8 kobolds
  3 frilled lizards
  2 rats (D:3)
38 creatures vanquished.

Notes
Turn   | Place    | Note
-------+----------+-------------------------------------------
     0 | D:1      | Amnesiac the Demonspawn Earth Elementalist began the quest
                  | for the Orb.
     0 | D:1      | Reached XP level 1. HP: 13/13 MP: 3/3
   186 | D:1      | Reached skill level 3 in Earth Magic
   192 | D:1      | Gained mutation: You are partially covered in icy blue
                  | scales. (AC +2) [demonic ancestry]
   192 | D:1      | Reached XP level 2. HP: 19/19 MP: 3/5
   803 | D:3      | Gained mutation: You sometimes gain a little power by
                  | taking damage. [demonic ancestry]
   803 | D:3      | Reached XP level 3. HP: 24/24 MP: 4/6
   924 | D:3      | Learned a level 2 spell: Passwall
  1024 | D:3      | Reached skill level 4 in Earth Magic
  1024 | D:3      | Gained mutation: You have a pair of small horns on your
                  | head. [demonic ancestry]
  1024 | D:3      | Reached XP level 4. HP: 27/30 MP: 1/8
  1025 | D:3      | Quit the game

Vault maps used:
D:1:      minmay_arrival_nine_rooms, minmay_misc_feat_cross,
          wad_floor_pattern_untrapped
D:2:      chequers_big_river
D:3:      minmay_chambers_of_threes, chequers_temple_overflow_statue_of_worship,
          first_ration

Skill      XL: |  1  2  3 |
---------------+----------+-----
Earth Magic    | 3 4 |  4.0
Dodging        | |  1.7
Stealth        | |  1.7
Spellcasting   | |  2.8
Transmutations | |  0.8

Action                   |  1- 3 |  4- 6 || total
-------------------------+-------+-------++-------
Melee: Dagger            |    69 |       ||    69
Throw: Javelin           |    10 |       ||    10
 Cast: Sandblast         |    27 |       ||    27
  Eat: Chunk             |     1 |       ||     1
Armor: Robe              |    35 |       ||    35
Dodge: Dodged            |    59 |       ||    59

Table legend:
 A = Non-vault XP
 B = Vault XP
 C = Vault XP percentage of total XP
 D = Non-vault monster count
 E = Vault monster count
 F = Vault count percentage of total count
                 A         B        C        D         E       F
            +---------+---------+-------+---------+---------+-------
      Total |      70 |      28 |  28.6 |      26 |      12 |  31.6
            +---------+---------+-------+---------+---------+-------
        D:1 |      27 |       0 |   0.0 |      17 |       0 |   0.0
        D:2 |       4 |       0 |   0.0 |       2 |       0 |   0.0
        D:3 |      39 |      28 |  41.8 |       7 |      12 |  63.2
            +---------+---------+-------+---------+---------+-------
